 Dungeon Crawl Stone Soup version 0.32-a0-928-g1cae6b7ea0 (webtiles) character file.

Game seed: 1164578744791814506

70 timneilson the Ruffian (level 4, 0/28 HPs)
             Began as an Octopode Shapeshifter on Apr 12, 2024.
             Incinerated by a bombardier beetle (2 damage)
             ... with a burning spray
             ... on level 3 of the Dungeon.
             The game lasted 00:02:05 (1348 turns).

timneilson the Ruffian (Octopode Shapeshifter)      Turns: 1348, Time: 00:02:06

Health: 0/28       AC:  1    Str: 15    XL:     4   Next: 22%
Magic:  4/4        EV: 12    Int: 12    God:
Gold:   91         SH:  0    Dex: 11    Spells: 3/3 levels left

rFire   + .          .
                       - Unarmed
rCold   . . .        (no shield)
rNeg    . . .        (helmet currently unavailable)
rPois   .            (no amulet)
rElec   .            l - ring of protection from fire
rCorr   .            (no ring)
SInv    .            (no ring)
Will    .....        (no ring)
Stlth   +            (no ring)
HPRegen 0.24/turn    (no ring)
MPRegen 0.09/turn    (no ring)
                     (no ring)

%: no passive effects
@: confused, on fire, beast-form, attractive, glowing
A: beast (slay +1), almost no armour, amphibious, 8 rings, camouflage 1,
gelatinous body 1, (nimble swimmer 1), tentacles
a: Begin Untransformation


You were on level 3 of the Dungeon.
You were a hulking beast.
You visited 1 branch of the dungeon, and saw 3 of its levels.

You collected 91 gold pieces.

Inventory:

Jewellery
 h - a ring of magical power
 l - a ring of protection from fire (left tentacle)
Talismans
 b - a beast talisman (active)
 c - a flux talisman
Scrolls
 f - a scroll of identify
Potions
 a - a potion of lignification
 d - a potion of invisibility
 e - a potion of enlightenment
 g - a potion of brilliance


   Skills:
 + Level 1.6 Fighting
 * Level 2.7 Dodging
 + Level 1.5 Stealth
 * Level 3.5 Unarmed Combat
 * Level 3.4 Shapeshifting


You had 3 spell levels left.
You didn't know any spells.
Your spell library contained the following spells:

 Spells                   Type           Power      Damage    Failure   Level
 Summon Small Mammal      Summ           0%         N/A       32%         1
 Call Canine Familiar     Summ           0%         N/A       69%         3
 Summon Blazeheart Golem  Fire/Summ      0%         N/A       97%         4


Dungeon Overview and Level Annotations

Branches:
Dungeon (3/15)

Altars:

Annotations:
D:1 1 runed translucent door


Innate Abilities, Weirdness & Mutations

You are a hulking beast.
Your limbs bulge with bestial killing power. (Slay +1)
You cannot wear most types of armour.
You are amphibious.
You can wear up to eight rings at the same time.
Your skin changes colour to match your surroundings (Stealth+).
Your rubbery body absorbs attacks. (AC +1, EV +1)
((You are camouflaged when in or above water. (Stealth+)))
You have tentacles for arms and can constrict up to eight enemies at once.


Message History

You are too injured to fight recklessly!
You are too injured to fight recklessly!
You are too injured to fight recklessly!
You are too injured to fight recklessly!
You are too injured to fight recklessly!
You are too injured to fight recklessly!
You are too injured to fight recklessly!
You are too injured to fight recklessly!
You are too injured to fight recklessly!
Unknown command.
You completely miss something.
A bat comes into view.
The bombardier beetle sprays incendiary fluid at you.
The burning spray hits you.
You are covered in liquid fire!
Something hits you.
You closely miss something. The liquid fire burns you! Something hits you.
Unknown command.
You miss something. Your squeeze misses something. The liquid fire burns you!
You hear some strange, mumbled words.
A magic dart appears from out of thin air!
The magic dart hits you.
* * * LOW HITPOINT WARNING * * *
Unknown command.
You tentacle-slap the frilled lizard but do no damage.
You grab the frilled lizard. You squeeze the frilled lizard.
The frilled lizard is heavily wounded.
The liquid fire burns you!
* * * LOW HITPOINT WARNING * * *
You constrict the frilled lizard.
You kill the frilled lizard!
You hear some strange, mumbled words.
You are confused.
It was a potion of attraction.
You feel attractive to monsters. The liquid fire burns you!
You die...

#....[.....B
#.......##.#
##†......# #
#........+ ###
#........# ..####
#........#####.....#
#....###.....).....#
#....###....B{.....#
#####....†..h†.....#
#........†......
#..........$....
#..............#
######+###..b..#
...... ..$... ......


You could see a bombardier beetle and a bat.

Vanquished Creatures
  2 adders (D:2)
  A dart slug (D:1)
  2 ribbon worms (D:2)
  2 orcs (D:3)
  5 bats
  4 endoplasms
  2 giant cockroaches
  3 goblins
  A hobgoblin (D:2)
  4 quokkas
  7 ball pythons
  A frilled lizard (D:3)
  5 kobolds
  4 rats
43 creatures vanquished.

Notes
Turn   | Place    | Note
-------+----------+-------------------------------------------
     0 | D:1      | timneilson the Octopode Shapeshifter began the quest for
                  | the Orb.
     0 | D:1      | Reached XP level 1. HP: 13/13 MP: 1/1
     1 | D:1      | Found a runed translucent door.
    49 | D:1      | Reached XP level 2. HP: 7/18 MP: 2/2
   821 | D:2      | Found a faded altar of an unknown god.
   850 | D:2      | Reached skill level 1 in Stealth
   850 | D:2      | Reached XP level 3. HP: 4/23 MP: 3/3
  1115 | D:2      | Reached XP level 4. HP: 16/28 MP: 4/4
  1348 | D:3      | Incinerated by a bombardier beetle

Illustrated notes

Levels and vault maps discovered:
D:1:      dpeg_arrival_caged_fury, layout_loops_ring, grunt_decor_junction,
          minmay_pentomino_w4
D:2:      minmay_chambers_of_twos, layout_rooms,
          dreamdust_ecumenical_altar_grove
D:3:      layout_basic, mainiacjoe_overflow_concentric_impassable,
          nicolae_yredelemnul_corpse_copse, serial_shops, shop

Skill      XL: |  1  2 |
---------------+-------+-----
Stealth        | 1 |  1.5
Fighting       | |  1.6
Dodging        | |  2.7
Unarmed Combat | |  3.5
Shapeshifting  | |  3.4

Action                     |  1- 3 |  4- 6 || total
---------------------------+-------+-------++-------
  Melee: Unarmed           |    55 |    19 ||    74
         Constrict         |    17 |     7 ||    24
         Tentacles         |    12 |     5 ||    17
         Punch             |     1 |     1 ||     2
    Use: Scroll            |     6 |     1 ||     7
         Potion            |     1 |     1 ||     2
   Stab: Sleeping          |     4 |     1 ||     5
 Armour: Skin              |    33 |    12 ||    45
  Dodge: Dodged            |    42 |     8 ||    50

Table legend: (Time is in decaauts)
 A = Elapsed time spent in this place.
 B = Non-inter-level travel time spent in this place.
 C = Inter-level travel time spent in this place.
 D = Time resting spent in this place.
 E = Time spent auto-exploring this place.
 F = Levels seen in this place.
 G = Mean time per level.
                   A        B        C        D        E       F      G
               +--------+--------+--------+--------+--------+-----+--------+
         Total |   1342 |   1282 |     60 |     48 |    994 |   3 |  447.3 |
       Dungeon |   1342 |   1282 |     60 |     48 |    994 |   3 |  447.3 |
               +--------+--------+--------+--------+--------+-----+--------+

Top non-repeatable levels by time:
     D:1: 739 daAuts
     D:2: 567 daAuts
     D:3: 35 daAuts
